 Dungeon Crawl Stone Soup version 0.30-a0-924-g0ad0bf95bc (webtiles) character file.

Game seed: 1571777221056671235

726 Axe the Magician (level 7, -16/40 HPs)
             Began as a Deep Elf Fire Elementalist on Mar 23, 2023.
             Was a Follower of Vehumet.
             Demolished by a sleepcap (18 damage)
             ... on level 4 of the Dungeon.
             The game lasted 00:12:34 (4157 turns).

Axe the Magician (Deep Elf Fire Elementalist)       Turns: 4157, Time: 00:12:36

Health: -16/40     AC:  5    Str:  5    XL:     7   Next: 44%
Magic:  7/18       EV:  2    Int: 22    God:    Vehumet [*.....]
Gold:   141        SH:  0    Dex: 15    Spells: 7/18 levels left

rFire   . . .      SeeInvis .    k - +7 dagger (drain)
rCold   . . .      Faith    .    (no shield)
rNeg    . . .      Spirit   .    a - +0 robe
rPois   .          Reflect  .    l - +1 helmet
rElec   .          Rampage  .    (no cloak)
rCorr   .                        r - +0 pair of gloves
Will    .....                    (no boots)
Stlth   ++                       (no amulet)
HPRegen 0.26/turn                f - ring of wizardry
MPRegen 0.16/turn                (no ring)

@: sleeping
A: no striking features
a: Renounce Religion


You were on level 4 of the Dungeon.
You worshipped Vehumet.
Vehumet was aware of your devotion.
You visited 1 branch of the dungeon, and saw 4 of its levels.
You also visited: Sewer.

You collected 141 gold pieces.

Inventory:

Hand Weapons
 k - a +7 dagger of draining (weapon)
Armour
 a - a +0 robe (worn)
 l - a +1 helmet (worn)
 r - a +0 pair of gloves (worn)
Jewellery
 f - a ring of wizardry (left hand)
Scrolls
 c - 6 scrolls of identify
Potions
 d - a potion of lignification {unknown}
 e - a potion of brilliance {unknown}
 g - a potion of might {unknown}
 h - a potion of flight {unknown}
 i - a potion of haste {unknown}
 m - 2 potions of mutation
 n - 2 potions of heal wounds {unknown}
 p - a potion of invisibility {unknown}


   Skills:
 + Level 2.6 Fighting
 - Level 2.4 Dodging
 - Level 2.4 Stealth
 + Level 6.3 Spellcasting
 + Level 3.7 Conjurations
 + Level 5.1 Fire Magic
 * Level 3.5 Poison Magic


You had 7 spell levels left.
You knew the following spells:

 Your Spells              Type           Power      Damage    Failure   Level
a - Scorch                Fire           58%        2d7       1%          2
b - Foxfire               Conj/Fire      100%       2x1d9     1%          1
c - Olgreb's Toxic Radia  Pois           22%        N/A       9%          4
d - Flame Wave            Conj/Fire      26%        2d8       6%          4

Your spell library contained the following spells:

 Spells                   Type           Power      Damage    Failure   Level
 Freeze                   Ice            24%        1d4       3%          1
 Sting                    Tmut/Pois      56%        1d5       1%          1
 Poisonous Vapours        Pois/Air       28%        N/A       2%          2
 Cigotuvi's Dreadful Rot  Necr/Pois/Air  24%        N/A       3%          2
 Inner Flame              Hex/Fire       18%        N/A       4%          3
 Mephitic Cloud           Conj/Pois/Air  17%        N/A       4%          3
 Kindle Blastsparks       Fire/Tloc/Air  28%        2d12      5%          3


Dungeon Overview and Level Annotations

Branches:
Dungeon (4/15)              Sewer (visited)
 Temple: D:4-7

Altars:
Cheibriados
Trog
Vehumet

Shops:
D:1 *


Message History

The sleepcap releases spores at you.
You are engulfed in a cloud of soporific spores!
You fall asleep.
The sleepcap releases spores at you!
You wake up.
* * * LOW HITPOINT WARNING * * *
You are engulfed in a cloud of soporific spores!
You are unaffected.
Casting: Flame Wave (quite dangerous; 6% risk of failure)
Confirm with . or Enter, or press ? or * to list all spells.
Flames lash something.
The sleepcap releases spores at you!
* * * LOW HITPOINT WARNING * * *
You are engulfed in a cloud of soporific spores!
You are unaffected.
Casting: Scorch (safe; 1% risk of failure)
Confirm with . or Enter, or press ? or * to list all spells.
Flames lash something.
Something hits you but does no damage. The sleepcap releases spores at you.
* * * LOW HITPOINT WARNING * * *
You are engulfed in a cloud of soporific spores!
You are unaffected.
It was a potion of curing.
You feel better. Something hits you but does no damage.
The sleepcap completely misses you.
Casting: Scorch (safe; 1% risk of failure)
Confirm with . or Enter, or press ? or * to list all spells.
Flames lash something.
Vehumet accepts your kill.
You feel your power returning.
Reactivating autopickup.
You feel a bit more experienced. The sleepcap barely misses you.
Casting: Scorch (safe; 1% risk of failure)
Confirm with . or Enter, or press ? or * to list all spells.
Flames lash the sleepcap.
The sleepcap is heavily damaged.
The sleepcap's fire resistance burns away.
The sleepcap releases spores at you.
* * * LOW HITPOINT WARNING * * *
You are engulfed in a cloud of soporific spores!
You fall asleep.
The sleepcap releases spores at you!!
You die...

#.....# #..# #...#
#.###.#####... #...#
#.#.........## #...#
#.#.#......## #...#
#..........###
#####...######..#..........
..................#........
.........)...>.####....†...
.........f@...........##.).
#####...####.##.#####.##...
#...# #.# .#####.#####
#...# #.# .##....# #...#
#.##.##.##.# #...#
#.##.......## #...#
#........#### #...#
...........##.
##.#######.##.


You could see a sleepcap (combustible).

Vanquished Creatures
  Grinder (Sewer)
  Sigmund (D:2)
  2 kobold brigands (Sewer)
  A quasit (Sewer)
  An iguana (D:4)
  An orc wizard (D:4)
  2 adders
  3 shadow imps (Sewer)
  3 worms
  2 dart slugs
  10 endoplasms
  8 giant cockroaches
  8 goblins
  5 hobgoblins
  9 jackals
  6 quokkas
  8 ball pythons
  8 bats
  4 frilled lizards
  27 kobolds
  A kobold zombie (Sewer)
  6 rats
117 creatures vanquished.

Vanquished Creatures (others)
  33 foxfires
33 creatures vanquished.

Grand Total: 150 creatures vanquished

Notes
Turn   | Place    | Note
-------+----------+-------------------------------------------
     0 | D:1      | Axe the Deep Elf Fire Elementalist began the quest for the
                  | Orb.
     0 | D:1      | Reached XP level 1. HP: 10/10 MP: 6/6
    51 | D:1      | Found Ceutuusa's Assorted Antiques.
   201 | D:1      | Reached XP level 2. HP: 11/16 MP: 5/8
   234 | D:1      | Learned a level 2 spell: Scorch
   947 | D:1      | Reached XP level 3. HP: 20/20 MP: 7/10
  1303 | D:2      | Noticed Sigmund
  1315 | D:2      | Killed Sigmund
  1316 | D:2      | Reached skill level 1 in Fighting
  1316 | D:2      | Reached skill level 5 in Spellcasting
  1316 | D:2      | Reached XP level 4. HP: 26/26 MP: 2/13
  1316 | D:2      | Reached XP level 5. HP: 30/30 MP: 2/14
  1706 | D:2      | Learned a level 4 spell: Olgreb's Toxic Radiance
  2769 | D:3      | Found a radiant altar of Vehumet.
  2774 | D:3      | Became a worshipper of Vehumet
  2875 | D:3      | Found a glowing drain.
  2894 | Sewer    | Entered a sewer
  3000 | Sewer    | Reached skill level 1 in Poison Magic
  3000 | Sewer    | Reached XP level 6. HP: 35/35 MP: 13/16
  3227 | Sewer    | Noticed Grinder
  3236 | Sewer    | Reached * piety under Vehumet
  3236 | Sewer    | Offered knowledge of Freeze by Vehumet.
  3247 | Sewer    | Killed Grinder
  3248 | Sewer    | Reached skill level 6 in Spellcasting
  3248 | Sewer    | Reached XP level 7. HP: 20/40 MP: 11/18
  3356 | Sewer    | Found a burning altar of Makhleb.
  3375 | Sewer    | Reached skill level 5 in Fire Magic
  3487 | Sewer    | Learned a level 4 spell: Flame Wave
  4061 | D:4      | Found a snail-covered altar of Cheibriados.
  4061 | D:4      | Found a bloodstained altar of Trog.
  4153 | D:4      | HP: 1/40 [sleepcap (4)]
  4157 | D:4      | Demolished by a sleepcap

Illustrated notes

Levels and vault maps discovered:
D:1:      dpeg_arrival_pits, layout_basic, serial_shops, shop
D:2:      layout_basic, chequers_serial_rivers_large_a,
          kennysheep_decorative_pillar, uniq_sigmund
D:3:      layout_basic, mainiacjoe_overflow_chevrons, gup_sewer_entry_pipe,
          amcnicky_mini_pool_small
D:4:      layout_loops_cross, mainiacjoe_overflow_24_doors,
          gammafunk_temple_overflow_elements, minmay_misc_feat_enclosed

Skill      XL: |  1  2  3  4  5  6  7 |
---------------+----------------------+-----
Fighting       | 1 2 |  2.6
Spellcasting   | 5 6 |  6.3
Conjurations   | 2 3 |  3.7
Fire Magic     | 4 5 |  5.1
Poison Magic   | 1 2 3 |  3.5
Dodging        | |  2.4
Stealth        | |  2.4

Action                     |  1- 3 |  4- 6 |  7- 9 || total
---------------------------+-------+-------+-------++-------
  Melee: Unarmed           |    13 |       |       ||    13
         Dagger            |       |    27 |     4 ||    31
         Punch             |       |     1 |       ||     1
   Cast: Foxfire           |    14 |     2 |     4 ||    20
         Scorch            |    29 |    72 |    26 ||   127
         Flame Wave        |       |       |     2 ||     2
    Use: Scroll            |       |     7 |     4 ||    11
         Potion            |       |     1 |     1 ||     2
   Stab: Sleeping          |     1 |     3 |       ||     4
 Armour: Robe              |     6 |     7 |     8 ||    21
  Dodge: Dodged            |    13 |    37 |     9 ||    59

Table legend: (Time is in decaauts)
 A = Elapsed time spent in this place.
 B = Non-inter-level travel time spent in this place.
 C = Inter-level travel time spent in this place.
 D = Time resting spent in this place.
 E = Time spent auto-exploring this place.
 F = Levels seen in this place.
 G = Mean time per level.
                   A        B        C        D        E       F      G
               +--------+--------+--------+--------+--------+-----+--------+
         Total |   4181 |   4086 |     95 |   1224 |   1988 |   5 |  836.2 |
       Dungeon |   3504 |   3409 |     95 |    877 |   1914 |   4 |  876.0 |
         Sewer |    676 |    676 |      0 |    347 |     74 |   1 |  676.0 |
               +--------+--------+--------+--------+--------+-----+--------+

Top non-repeatable levels by time:
     D:2: 1457 daAuts
     D:1: 1292 daAuts
   Sewer: 676 daAuts
     D:3: 579 daAuts
     D:4: 175 daAuts
